 Dungeon Crawl Stone Soup version 0.24.0-125-gc4c63601f3 (webtiles) character file.

Game seed: 9745403654838846597, levelgen mode: deterministic

241 LraC the Grave Robber (level 5, -1/35 HPs)
             Began as a Demonspawn Necromancer on Mar 4, 2020.
             Was a Follower of Vehumet.
             Slain by a kobold (3 damage)
             ... in a sewer.
             The game lasted 00:38:49 (1988 turns).

LraC the Grave Robber (Demonspawn Necromancer)      Turns: 1988, Time: 00:38:50

Health: -1/35      AC: 15    Str:  8    XL:     5   Next: 80%
Magic:  1/10       EV: 12    Int: 17    God:    Vehumet [*.....]
Gold:   94         SH:  0    Dex: 14    Spells: 2/10 levels left

rFire    + . .     SeeInvis .   h - +0 dagger
rCold    + . .     Gourm    .   (no shield)
rNeg     . . .     Faith    .   g - +1 leather armour
rPois    .         Spirit   .   (no helmet)
rElec    .         Reflect  .   (no cloak)
rCorr    .         Harm     .   (no gloves)
MR       .....                  k - +0 pair of boots
Stlth    ++........             (no amulet)
HPRegen  0.11/turn              p - +4 ring of protection
MPRegen  0.12/turn              A - ring of protection from cold

@: sanguine armour
A: fire resistance 1, sanguine armour 1
a: Renounce Religion


You were in a sewer.
You worshipped Vehumet.
Vehumet was aware of your devotion.
You were hungry.

You visited 1 branch of the dungeon, and saw 3 of its levels.
You also visited: Sewer.

You collected 94 gold pieces.

Inventory:

Hand Weapons
 b - a +0 club
 d - a +0 hunting sling
 f - a +0 short sword
 h - a +0 dagger (weapon)
 i - a +0 club
 l - a +0 dagger
 m - a +0 dagger
 n - a +0 club
 u - a +0 club
 w - a +0 dagger
 x - a +0 hunting sling
 y - a +0 club
 z - a +0 dagger
 B - a +0 club
 E - a +0 club
 G - a +0 dagger
 H - a +0 club
 J - a +0 club
 K - a +0 dagger
 M - a +0 dagger
Missiles
 j - 13 poisoned darts (quivered)
 o - 85 stones
 r - 5 atropa-tipped darts
 t - 17 sling bullets
Armour
 a - a +0 robe
 g - a +1 leather armour (worn)
 k - a +0 pair of boots (worn)
 q - a +0 chain mail
 s - a +0 leather armour
 v - a +0 leather armour
 C - a +0 robe
 D - a +0 ring mail
 I - a +0 chain mail
 N - a +0 chain mail
Jewellery
 p - a +4 ring of protection (left hand)
 A - a ring of protection from cold (right hand)
Scrolls
 e - 2 scrolls of amnesia
Potions
 O - a potion of agility
Comestibles
 c - 5 rations
 F - a chunk of flesh
 L - 3 inedible chunks of flesh


   Skills:
 + Level 0.2 Fighting
 + Level 0.9 Short Blades
 + Level 1.2 Armour
 + Level 2.0 Dodging
 + Level 2.1 Stealth
 + Level 3.4 Spellcasting
 + Level 6.3 Necromancy


You had 2 spell levels left.
You knew the following spells:

 Your Spells              Type           Power        Failure   Level  Hunger
a - Pain                  Necr           ###.         1%          1    None
b - Animate Skeleton      Necr           N/A          1%          1    None
c - Regeneration          Chrm/Necr      ##........   19%         3    ###....
d - Vampiric Draining     Necr           ###.......   5%          3    ###....

Your spell library contained the following spells:

 Spells                   Type           Power        Failure   Level  Hunger
 Freeze                   Ice            #...         24%         1    None
 Animate Dead             Necr           N/A          19%         4    ####...


Dungeon Overview and Level Annotations

Branches:
Dungeon (3/15)              Sewer (1/1)

Altars:
Ru
Vehumet
Xom

Annotations:
D:3 1 transporter, RasselK's ghost, amateur OgBe


Innate Abilities, Weirdness & Mutations

Your flesh is heat resistant. (rF+)
When seriously injured, your bleeding wounds create armour. (AC +6)


Message History

The kobold closely misses you.
Your big kobold skeleton closely misses the adder.
Your kobold skeleton hits the kobold but does no damage.
The adder barely misses you.
Your rat skeleton barely misses the adder.
Your big kobold skeleton hits the adder.
Your kobold skeleton closely misses the adder.
Your magical contamination has completely faded away.
Some of the chunks of flesh in your inventory have rotted away.
The kobold closely misses you.
You see here a potion of agility.
The adder closely misses you. The kobold barely misses you.
The adder closely misses you. The kobold hits you but does no damage.
Your rat skeleton bites the kobold but does no damage.
The adder bites you but does no damage.
You see here a potion of agility.
O - a potion of agility The kobold hits you.
You die...

.. ###.≈ ≈##≈≈≈≈≈≈
≈≈≈≈≈≈≈≈≈≈≈≈≈≈≈ #
≈≈≈≈≈≈≈≈≈≈≈≈≈≈≈ ≈#
≈≈≈≈≈≈≈≈≈≈≈≈≈≈ ≈#
≈≈≈≈≈≈≈≈≈≈≈≈≈ ≈≈#
≈≈≈≈≈≈≈≈≈≈≈#######≈≈#
..≈≈.≈≈≈≈≈≈#..#.@#≈≈#
........≈≈.#..ZKS#≈≈#
..........%'Z.Z.##≈≈#
...........#.....#≈≈#
##........##..#.?#≈≈#
####...###########≈≈#
# ##### ≈≈# # ≈# #


You could see an adder, a kobold, a friendly rat skeleton, a friendly kobold
skeleton and a friendly big kobold skeleton.

Vanquished Creatures
  A big kobold (Sewer)
  Natasha (D:1)
  7 adders
  3 river rats (Sewer)
  2 dart slugs
  A leopard gecko (D:1)
  2 giant cockroaches
  4 hobgoblins
  6 kobolds
  2 quokkas
  A ball python (D:2)
  8 bats
  3 frilled lizards
  5 goblins
  9 rats
55 creatures vanquished.

Vanquished Creatures (collateral kills)
  A river rat (Sewer)
  A worm (D:2)
  A dart slug (D:1)
  2 goblins
  3 hobgoblins
  3 kobolds
  2 bats
  A frilled lizard (D:1)
  2 rats (Sewer)
16 creatures vanquished.

Grand Total: 71 creatures vanquished

Notes
Turn   | Place    | Note
-------+----------+-------------------------------------------
     0 | D:1      | LraC the Demonspawn Necromancer began the quest for the
                  | Orb.
     0 | D:1      | Reached XP level 1. HP: 13/13 MP: 3/3
    16 | D:1      | Learned a level 1 spell: Animate Skeleton
   186 | D:1      | Gained mutation: When seriously injured, your bleeding
                  | wounds create armour. (AC +6) [demonic ancestry]
   186 | D:1      | Reached XP level 2. HP: 15/19 MP: 0/5
   653 | D:2      | Noticed Natasha
   664 | D:1      | Noticed a crimson imp
   671 | D:1      | Killed Natasha
   671 | D:1      | Reached XP level 3. HP: 8/24 MP: 0/7
   792 | D:2      | Reached skill level 1 in Armour
   977 | D:2      | Found a sacrificial altar of Ru.
  1045 | D:2      | Gained mutation: Your flesh is heat resistant. (rF+)
                  | [demonic ancestry]
  1045 | D:2      | Reached XP level 4. HP: 18/30 MP: 6/8
  1096 | D:2      | Reached skill level 5 in Necromancy
  1357 | D:2      | Found a shimmering altar of Xom.
  1357 | D:2      | Found a radiant altar of Vehumet.
  1382 | D:2      | Became a worshipper of Vehumet
  1387 | D:2      | Learned a level 3 spell: Regeneration
  1391 | D:2      | Learned a level 3 spell: Vampiric Draining
  1611 | D:3      | Found a transporter.
  1611 | D:3      | Noticed an ogre
  1614 | D:3      | Noticed RasselK's ghost (amateur OgBe)
  1623 | D:3      | Noticed an ogre
  1726 | D:3      | Reached XP level 5. HP: 26/35 MP: 1/9
  1730 | D:3      | Found a glowing drain.
  1739 | Sewer    | Entered a sewer
  1789 | Sewer    | Reached skill level 6 in Necromancy
  1951 | Sewer    | Reached * piety under Vehumet
  1951 | Sewer    | Offered knowledge of Freeze by Vehumet.
  1988 | Sewer    | Slain by a kobold

Levels and vault maps discovered:
D:1:      moated_graveyard_arrival, layout_rooms, lemuel_flame_loot_1
D:2:      layout_rooms, nicolae_ru_sacrificial_ziggurat,
          gammafunk_temple_overflow_wave, first_ration,
          chequers_serial_rivers_small_3, minmay_box_of_dots, uniq_natasha
D:3:      layout_loops_ring, portal_sewer_entry_d, gammafunk_ghost_smash,
          chequers_ecumenical_altar_twisty
Sewer:    sewer_minmay_treatment

Skill      XL: |  1  2  3  4  5 |
---------------+----------------+-----
Armour         | 1 |  1.2
Necromancy     | 5 6 |  6.3
Spellcasting   | 3 |  3.4
Stealth        | 2 |  2.1
Dodging        | 2 |  2.0
Fighting       | |  0.2
Short Blades   | |  0.9

Action                   |  1- 3 |  4- 6 || total
-------------------------+-------+-------++-------
Melee: Club              |     4 |       ||     4
       Dagger            |    31 |    58 ||    89
 Cast: Pain              |    36 |    60 ||    96
       Animate Skeleton  |    18 |    17 ||    35
  Use: Potion            |     5 |     2 ||     7
       Scroll            |     5 |     1 ||     6
 Stab: Distracted        |     1 |       ||     1
  Eat: Chunk             |     1 |     2 ||     3
Armor: Robe              |     1 |       ||     1
       Leather armour    |    41 |    31 ||    72
Dodge: Dodged            |    42 |    53 ||    95
